 Dungeon Crawl Stone Soup version 0.31-a0-1499-ge0622b2318 (webtiles) character file.

Game seed: 10902336130263157719

302 BlueFish the Sneak (level 6, 0/41 HPs)
             Began as an Octopode Shapeshifter on Dec 29, 2023.
             Slain by a gnoll
             ... wielding a +0 spear
             ... led by a gnoll bouda
              (4 damage)
             ... on level 3 of the Dungeon.
             The game lasted 00:06:11 (2263 turns).

BlueFish the Sneak (Octopode Shapeshifter)          Turns: 2263, Time: 00:06:12

Health: 0/41       AC:  1    Str: 15    XL:     6   Next: 37%
Magic:  6/6        EV: 13    Int: 13    God:
Gold:   169        SH:  5    Dex: 11    Spells: 5/5 levels left

rFire   . .          .
                       - Unarmed
rCold   . . .        (no shield)
rNeg    . . .        (helmet currently unavailable)
rPois   .            l - amulet of reflection
rElec   .            i - ring of see invisible
rCorr   .            (no ring)
SInv    +            (no ring)
Will    .....        (no ring)
Stlth   ++++         (no ring)
HPRegen 0.26/turn    (no ring)
MPRegen 0.10/turn    (no ring)
                     (no ring)

%: reflection
@: beast-form
A: beast (slay +2), almost no armour, amphibious, 8 rings, camouflage 1,
gelatinous body 1, (nimble swimmer 1), tentacles
a: Begin Untransformation


You were on level 3 of the Dungeon.
You were a hulking beast.
You visited 1 branch of the dungeon, and saw 4 of its levels.

You collected 169 gold pieces.

Inventory:

Hand Weapons
 n - a +2 short sword of venom
Jewellery
 i - a ring of see invisible (left tentacle)
 l - an amulet of reflection (around mantle)
Talismans
 b - a beast talisman
 c - a flux talisman
Wands
 m - a wand of flame (27)
Scrolls
 e - a scroll of acquirement {unknown}
 f - 2 scrolls of identify {unknown}
 g - a scroll of vulnerability {unknown}
 h - a scroll of revelation {unknown}
 j - 3 scrolls of noise {unknown}
 o - a scroll of fog {unknown}
 q - a scroll of teleportation {unknown}
 r - a scroll of amnesia {unknown}
 t - a scroll of fear {unknown}
Potions
 a - a potion of lignification
 d - a potion of mutation {unknown}
 k - 3 potions of curing {unknown}
 p - 2 potions of degeneration {unknown}
 s - a potion of berserk rage {unknown}
 u - a potion of attraction {unknown}
 v - 2 potions of brilliance {unknown}


   Skills:
 + Level 2.6 Fighting
 + Level 3.1 Dodging
 * Level 5.0 Stealth
 + Level 3.8 Unarmed Combat
 + Level 3.7 Shapeshifting


You had 5 spell levels left.
You didn't know any spells.
Your spell library contained the following spells:

 Spells                   Type           Power      Damage    Failure   Level
 Freeze                   Ice            0%         1d3       30%         1
 Lesser Beckoning         Tloc           0%         N/A       43%         2
 Frozen Ramparts          Ice            0%         1d1       67%         3
 Gell's Gravitas          Tloc           0%         N/A       67%         3
 Hailstorm                Conj/Ice       0%         3d5       67%         3
 Teleport Other           Tloc           0%         N/A       67%         3


Dungeon Overview and Level Annotations

Branches:
Dungeon (4/15)             Temple (0/1) D:4

Altars:
Elyvilon
Zin


Innate Abilities, Weirdness & Mutations

You are a hulking beast.
Your limbs bulge with bestial killing power. (Slay +2)
You cannot wear most types of armour.
You are amphibious.
You can wear up to eight rings at the same time.
Your skin changes colour to match your surroundings (Stealth+).
Your rubbery body absorbs attacks. (AC +1, EV +1)
((You are camouflaged when in or above water. (Stealth+)))
You have tentacles for arms and can constrict up to eight enemies at once.


Message History

You climb upwards.
There is a stone staircase leading down here.
HP restored.
There is a stone staircase leading down here.
You climb downwards.
Found an opal ring and a fuming sapphire potion.
There is a stone staircase leading up here.
The helpless gnoll fails to defend itself.
You tentacle-slap the gnoll but do no damage.
You grab the gnoll. You squeeze the gnoll!
The gnoll is severely wounded.
You constrict the gnoll.
The gnoll shouts! x2; The gnoll bouda shouts!
The gnoll shouts!
The hound barks!
You hear a shout!
The gnoll hits you from afar with a +0 halberd!
The gnoll closely misses you.
The gnoll hits you from afar with a +0 spear.
You block the gnoll's attack.
You release your grip on the gnoll.
The gnoll closely misses you. The gnoll hits you with a +0 spear.
The gnoll barely misses you. The gnoll closely misses you. x2
You climb upwards.
There is a stone staircase leading down here.
You closely miss the gnoll. Your grab misses the gnoll.
The gnoll is severely wounded.
The gnoll closely misses you. The gnoll hits you with a +0 halberd!
* * * LOW HITPOINT WARNING * * *
You tentacle-slap the gnoll. You grab the gnoll.
The gnoll is almost dead.
You constrict the gnoll.
You kill the gnoll!
You block the gnoll's attack.
The gnoll hits you from afar with a +0 spear.
* * * LOW HITPOINT WARNING * * *
You see here a +0 halberd.
The gnoll attacks as it pursues you! The gnoll barely misses you.
The gnoll bouda barks out a call to the hunt!
The gnoll picks up the pace!
The gnoll hits you from afar with a +0 spear.
You die...

#.###### ##.########.... #..#
#........#.### ##.#
#..#####.#.### #.# #..#####.#....
##.## ### #..##.........
#...###### ##.## #.....##.#..#.
.........###.#g## ##.......#....
......##.##)###.## #########..##
......##.#g## ##h#### ##..##
#........g## ##...#### #...))
#...###..#.## ##.......# #...##
......#..##.###.#......# #...#.
.........###.#.##..###.# #.....
....).#.#####.###..# #.# #.....
#....#.......####..###.# #....#
#............#.........#####.....
####.#.......#...................


You could see a gnoll (swift).

Vanquished Creatures
  A scorpion (D:4)
  A jelly (D:3)
  An orc priest (D:4)
  An iguana (D:4)
  A gnoll (D:3)
  6 adders (D:3)
  A ribbon worm (D:3)
  A dart slug (D:4)
  11 orcs
  4 bats
  7 endoplasms
  A giant cockroach (D:2)
  7 hobgoblins
  4 jackals (D:2)
  9 kobolds
  6 quokkas
  10 ball pythons
  6 frilled lizards
  2 goblins
80 creatures vanquished.

Notes
Turn   | Place    | Note
-------+----------+-------------------------------------------
     0 | D:1      | BlueFish the Octopode Shapeshifter began the quest for the
                  | Orb.
     0 | D:1      | Reached XP level 1. HP: 13/13 MP: 1/1
   107 | D:1      | Reached skill level 1 in Stealth
   146 | D:1      | Reached XP level 2. HP: 17/18 MP: 2/2
   626 | D:2      | Reached skill level 2 in Stealth
   626 | D:2      | Reached XP level 3. HP: 20/23 MP: 3/3
   651 | D:2      | Found a glowing silver altar of Zin.
  1498 | D:3      | Reached XP level 4. HP: 27/29 MP: 4/4
  1519 | D:3      | Found a faded altar of an unknown god.
  1523 | D:3      | Reached skill level 3 in Stealth
  1648 | D:3      | Reached XP level 5. HP: 32/34 MP: 5/5
  1733 | D:3      | Reached skill level 4 in Stealth
  2045 | D:4      | Reached XP level 6. HP: 31/41 MP: 6/6
  2147 | D:4      | Found a staircase to the Ecumenical Temple.
  2162 | D:4      | Reached skill level 5 in Stealth
  2168 | D:4      | Found a white marble altar of Elyvilon.
  2258 | D:3      | HP: 2/41 [gnoll/+0 spear[a gnoll bouda] (6)]
  2263 | D:3      | Slain by a gnoll

Illustrated notes

Levels and vault maps discovered:
D:1:      nicolae_arrival_washed_ashore, layout_rooms
D:2:      layout_rooms, basic_altar
D:3:      minmay_diamond_boxcup, layout_loops_cross,
          dreamdust_ecumenical_altar_angels_and_demons,
          minmay_misc_feat_diagonals
D:4:      layout_basic, mainiacjoe_overflow_concentric_impassable,
          minmay_temple_entry_proselytizer

Skill      XL: |  1  2  3  4  5  6 |
---------------+-------------------+-----
Stealth        | 1 2 3 4 5 |  5.0
Fighting       | 2 |  2.6
Dodging        | 3 |  3.1
Unarmed Combat | |  3.8
Shapeshifting  | |  3.7

Action                     |  1- 3 |  4- 6 || total
---------------------------+-------+-------++-------
  Melee: Unarmed           |    76 |    83 ||   159
         Tentacles         |    12 |    16 ||    28
         Constrict         |    15 |    25 ||    40
         Punch             |     1 |     3 ||     4
   Stab: Sleeping          |     5 |     9 ||    14
 Armour: Skin              |    21 |    24 ||    45
  Dodge: Dodged            |    38 |    39 ||    77
  Block: Other             |     6 |     9 ||    15
         Reflection        |     1 |       ||     1

Table legend: (Time is in decaauts)
 A = Elapsed time spent in this place.
 B = Non-inter-level travel time spent in this place.
 C = Inter-level travel time spent in this place.
 D = Time resting spent in this place.
 E = Time spent auto-exploring this place.
 F = Levels seen in this place.
 G = Mean time per level.
                   A        B        C        D        E       F      G
               +--------+--------+--------+--------+--------+-----+--------+
         Total |   2252 |   2134 |    118 |      0 |   1462 |   4 |  563.0 |
       Dungeon |   2252 |   2134 |    118 |      0 |   1462 |   4 |  563.0 |
               +--------+--------+--------+--------+--------+-----+--------+

Top non-repeatable levels by time:
     D:3: 763 daAuts
     D:2: 562 daAuts
     D:1: 559 daAuts
     D:4: 366 daAuts
